 Dungeon Crawl Stone Soup version 0.17-a0-1793-gcbb3aa1 (console) character file.

255 Illiel the Sneak (level 5, 0/31 HPs)
             Began as a High Elf Enchanter on Sept 10, 2015.
             Slain by a gnoll
             ... wielding a +0 falchion
              (2 damage)
             ... on level 3 of the Dungeon.
             The game lasted 00:20:00 (3685 turns).

Illiel the Sneak (High Elf Enchanter)               Turns: 3685, Time: 00:20:01

Health: 0/31       AC:  5    Str: 12    XL:     5   Next: 91%
Magic:  2/11       EV:  8    Int: 18    God:
Gold:   153        SH:  0    Dex: 17    Spells: 4 memorised, 2 levels left

rFire  . . .     SeeInvis .     a - +1 dagger
rCold  . . .     Clarity  .     b - +1 robe
rNeg   . . .     SustAt   .     (no shield)
rPois  .         Gourm    .     (no helmet)
rElec  .         Spirit   .     s - +0 cloak
rCorr  .         Warding  .     (no gloves)
rMut   .         Stasis   .     t - +0 pair of boots
MR     .....                    (no amulet)
Stlth  +++.......               (no ring)
                                (no ring)

@: mighty, drained, not resistant to hostile enchantments, fairly stealthy
A: no striking features
a: no special abilities


You were on level 3 of the Dungeon.
You were very hungry.

You visited 1 branch of the dungeon, and saw 3 of its levels.

You collected 153 gold pieces.

Inventory:

Hand weapons
 a - a +1 dagger (weapon)
Missiles
 k - 53 arrows
Armour
 b - a +1 robe (worn)
 s - a +0 cloak (worn)
 t - a +0 pair of boots (worn)
Jewellery
 p - an uncursed amulet of guardian spirit
Scrolls
 e - 4 scrolls of identify {unknown}
 g - 3 scrolls of remove curse {unknown}
 h - a scroll of noise {unknown}
 n - a scroll of amnesia {unknown}
 o - 3 scrolls of recharging {unknown}
 r - a scroll of fog {unknown}
 v - a scroll of teleportation {unknown}
Potions
 j - a potion of flight
 m - a potion of invisibility {unknown}
 q - a potion of agility {unknown}
Books
 c - a book of Maledictions

   Spells                             Type                      Level
   a - Corona                         Hexes                        1
   b - Ensorcelled Hibernation        Hexes/Ice                    2
   c - Confuse                        Hexes                        3
   d - Tukima's Dance                 Hexes                        3
   e - Dazzling Spray                 Conjuration/Hexes            3
Comestibles
 d - 2 bread rations
 f - 8 fruits
 i - 2 meat rations


   Skills:
 * Level 4.7(4.5) Short Blades
 - Level 2.1(2.0) Dodging
 * Level 4.7(4.6) Stealth
 + Level 3.5(3.3) Spellcasting
 + Level 3.8(3.7) Hexes


You had 2 spell levels left.
You knew the following spells:

 Your Spells              Type           Power        Failure   Level  Hunger
a - Corona                Hex            ###....      3%          1    None
d - Tukima's Dance        Hex            ###.....     12%         3    ###....
i - Confuse               Hex            ###.....     12%         3    ###....
j - Ensorcelled Hibernat  Hex/Ice        #.....       12%         2    ##.....


Dungeon Overview and Level Annotations

Branches:
Dungeon (3/15)

Altars:
Kikubaaqudgha
Qazlal

Annotations:
D:3 Robin


Message History

Press: ? - help, Shift-Dir - straight line, f - orc
Aim: an orc (moderately wounded, chance to defeat MR: 92%)
The orc barely resists.
The orc closely misses you.
You float gracefully downwards.
You feel sick.
You feel sick.
The goblin shouts! x2
The hobgoblin shouts!
The goblin shouts!
You hear a shout!
Robin laughs in a distinctly smug fashion.
Robin roars a battlecry!
The goblins go into a battle-frenzy!
The goblin closely misses you.
You feel sick.
You are no longer poisoned.
The gnoll closely misses you. The gnoll misses you.
There is a stone staircase leading up here.
The gnoll hits you with a falchion.
* * * LOW HITPOINT WARNING * * *
The gnoll hits you with a falchion.
You die...

▒∙∙▒ ▒∙▒ ▒g∙▒
▒∙▒
▒▒▒▒▒∙g▒▒▒▒▒∙▒
▒∙∙∙∙$∙∙∙∙∙∙∙▒
▒)▒▒▒∙∙▒▒▒▒∙∙▒
▒∙∙▒▒▒▒∙∙▒▒▒▒▒▒
▒∙∙gg∙∙∙∙∙∙∙∙∙▒
▒∙▒▒▒▒▒∙∙▒▒▒▒∙▒
▒∙▒ ▒∙∙▒ ▒∙▒
▒∙▒ ▒∙∙▒ ▒∙▒
∙∙▒ ▒∙∙▒ ▒∙▒
▒▒▒▒▒▒▒▒o▒▒ ▒∙▒


∙∙ggg∙∙g∙▒ ▒∙▒ ▒▒▒▒▒▒▒▒∙▒ ▒∙▒ ▒∙▒▒▒▒▒∙▒ ▒∙oggg∙∙▒ ▒▒▒▒▒▒@∙▒ ▒∙∙▒ ∙∙∙▒ ▒▒∙▒▒ ▒∙▒
▒∙▒ ▒∙▒ ▒∙▒ You could see a gnoll, an orc and 2 goblins.

Vanquished Creatures
  Ijyb (D:3)
  An orc wizard (D:3)
  A worker ant (D:3)
  7 adders
  6 gnolls (D:2)
  2 giant geckos
  2 ball pythons
  8 bats
  2 giant cockroaches
  9 goblins
  9 hobgoblins
  4 jackals
  5 kobolds
  A quokka (D:3)
  2 giant newts (D:1)
  5 rats
65 creatures vanquished.

Vanquished Creatures (others)
  3 dancing weapons (D:3)
  A human (D:3)
4 creatures vanquished.

Grand Total: 69 creatures vanquished

Notes
Turn   | Place    | Note
--------------------------------------------------------------
     0 | D:1      | Illiel the High Elf Enchanter began the quest for the Orb.
     0 | D:1      | Reached XP level 1. HP: 11/11 MP: 4/4
   255 | D:1      | Reached XP level 2. HP: 3/17 MP: 6/6
   259 | D:1      | Learned a level 2 spell: Ensorcelled Hibernation
  1224 | D:2      | Reached XP level 3. HP: 19/21 MP: 7/7
  1509 | D:2      | Reached skill level 4 in Stealth
  1627 | D:2      | Reached XP level 4. HP: 21/27 MP: 2/9
  1854 | D:1      | Learned a level 3 spell: Confuse
  1944 | D:2      | Found a stormy altar of Qazlal.
  2349 | D:3      | Noticed Robin
  2439 | D:3      | Learned a level 3 spell: Tukima's Dance
  2673 | D:3      | Reached XP level 5. HP: 31/31 MP: 5/10
  2723 | D:3      | Noticed Ijyb
  2752 | D:3      | Killed Ijyb
  2842 | D:3      | Found an ancient bone altar of Kikubaaqudgha.
  2842 | D:3      | Noticed a human
  2846 | D:3      | Killed a human
  3685 | D:3      | Slain by a gnoll

Vault maps used:
D:1:      onia_arrival_mini_spirals
D:2:      nicolae_qazlal_general_emergency, minmay_misc_feat_encased
D:3:      kb_xom_exploding_sheep, tgw_kikubaaqudgha, uniq_iyjb, uniq_robin

Action                   |  1- 3 |  4- 6 || total
-------------------------+-------+-------++-------
Melee: Dagger            |    79 |    65 ||   144
 Cast: Corona            |     1 |       ||     1
       Ensorcelled Hiber |    15 |    45 ||    60
       Tukima's Dance    |       |     7 ||     7
  Use: Potion            |       |     4 ||     4
 Stab: Sleeping          |    19 |    22 ||    41
       Distracted        |       |     1 ||     1
  Eat: Chunk             |     3 |     8 ||    11
